 Dungeon Crawl Stone Soup version 0.19.0 (webtiles) character file.

20 edsrzf the Insei (level 3, 0/20 HPs)
             Began as a Kobold Transmuter on Nov 19, 2016.
             Succumbed to an adder's poison
             ... on level 2 of the Dungeon.
             The game lasted 00:02:25 (1522 turns).

edsrzf the Insei (Kobold Transmuter)                Turns: 1522, Time: 00:02:26

Health: 0/20       AC:  2    Str:  7    XL:     3   Next: 0%
Magic:  11/15      EV: 15    Int: 15    God:
Gold:   27         SH:  0    Dex: 15    Spells: 2 memorised, 3 levels left

rFire  + . .     SeeInvis .       - Unarmed
rCold  . . .     Gourm    .     b - +0 robe
rNeg   . . .     Faith    .     (shield restricted)
rPois  .         Spirit   .     (no helmet)
rElec  .         Reflect  .     (no cloak)
rCorr  .         Harm     .     (no gloves)
MR     .....     Rnd*Rage +     (no boots)
Stlth  +.........               (no amulet)
                                (no ring)
                                h - ring of magical power

@: lethally poisoned (0 -> -17), appendage, very slightly contaminated
A: horns 2, berserk 1, blurry vision 1, carnivore 3, fire resistance 1
a: End Transformation


You were on level 2 of the Dungeon.
You were not hungry.
You had grown temporary horns.
You visited 1 branch of the dungeon, and saw 2 of its levels.

You collected 27 gold pieces.

Inventory:

Hand Weapons
 i - a +1 dagger of flaming
Missiles
 a - 11 arrows
Armour
 b - a +0 robe (worn)
Jewellery
 h - a ring of magical power (left hand)
Scrolls
 e - a scroll of magic mapping {unknown}
 g - a scroll of identify {unknown}
Books
 c - a book of Changes
Comestibles
 d - a meat ration


   Skills:
 + Level 1.3 Fighting
 - Level 2.4 Dodging
 * Level 3.3 Unarmed Combat
 - Level 2.1 Spellcasting
 * Level 2.7 Transmutations


You had 3 spell levels left.
You knew the following spells:

 Your Spells              Type           Power        Failure   Level  Hunger
a - Beastly Appendage     Tmut           #.....       10%         1    #......
k - Sticks to Snakes      Tmut           #.......     12%         2    ###....


Dungeon Overview and Level Annotations

Branches:
Dungeon (2/15)

Altars:


Innate Abilities, Weirdness & Mutations

You are small and have problems with some larger weapons.
You are carnivorous and can eat meat at any time.
You have a pair of horns on your head.
You tend to lose your temper in combat.
Scrolls take you a little longer to read.
Your flesh is heat resistant. (rF+)


Message History

You climb downwards.
Found a stone staircase leading down.
There is a stone staircase leading up here.
Autoexplore enabled for D:2
Found an escape hatch in the floor.
You now have 27 gold pieces (gained 11).
There is an escape hatch in the floor here.
A worm and a giant cockroach come into view.
Found 22 stones.
Found a viscous amethyst potion.
You see here 22 stones.
The giant cockroach bites you.
You closely miss the giant cockroach.
The giant cockroach bites you but does no damage.
You closely miss the giant cockroach. The giant cockroach barely misses you.
You barely miss the giant cockroach. The giant cockroach bites you.
You hit the giant cockroach but do no damage.
The giant cockroach barely misses you. The giant cockroach closely misses you.
Casting: Beastly Appendage
Confirm with . or Enter, or press ? or * to list all spells.
You grow a pair of large bovine horns.
The giant cockroach misses you.
You barely miss the giant cockroach. The giant cockroach bites you.
You hit the giant cockroach.
The giant cockroach is moderately wounded.
The giant cockroach closely misses you.
You barely miss the giant cockroach. You headbutt the giant cockroach.
You kill the giant cockroach!
You see here 22 stones.
Okay, then.
Unknown command.
Your transformation is almost over.
There is an escape hatch in the floor here.
Your horns disappear.
There is a stone staircase leading up here.
You climb upwards.
There is a stone staircase leading down here.
There is an open door here.
There is an open door here.
There is a stone staircase leading down here.
You start resting.
HP restored.
You climb downwards.
There is a stone staircase leading up here.
An adder and a rat come into view.
The adder hisses angrily.
You closely miss the rat. The rat closely misses you.
You closely miss the rat. The rat barely misses you.
A worm comes into view.
Casting: Beastly Appendage
Confirm with . or Enter, or press ? or * to list all spells.
You grow a pair of large bovine horns.
The rat barely misses you.
You hit the rat.
You kill the rat!
You have reached level 3!
Your experience leads to an increase in your attributes!
Increase (S)trength, (I)ntelligence, or (D)exterity?
You feel clever.
Unknown command.
You hit the adder.
The adder is lightly wounded.
The adder bites you.
You are poisoned.
The adder poisons you! The adder bites you but does no damage.
You hit the adder. Your headbutt misses the adder. Your punch misses the adder.
The adder is lightly wounded.
You feel sick. The adder bites you.
You barely miss the adder.
The adder is lightly wounded.
The adder closely misses you.
It was a potion of magic.
Magic courses through your body.
You feel sick. The adder bites you.
It was a potion of mutation.
You feel extremely strange.
Your vision blurs.
You feel a little pissed off.
You feel resistant to heat. The adder bites you.
You are lethally poisoned!
The adder poisons you! The adder completely misses you.
You miss the adder. You headbutt the adder.
The adder is severely wounded.
You feel sick. The adder bites you.
* * * LOW HITPOINT WARNING * * *
You aren't carrying any potions.
Unknown command.
Okay, then.
Unknown command.
Casting: Beastly Appendage
Confirm with . or Enter, or press ? or * to list all spells.
You miscast Sticks to Snakes.
You are very lightly contaminated with residual magic.
You smell something strange.
* * * LOW HITPOINT WARNING * * *
You feel sick. The adder bites you.
* * * LOW HITPOINT WARNING * * *
You are more poisoned.
The adder poisons you!
Casting: Sticks to Snakes
Confirm with . or Enter, or press ? or * to list all spells.
You create a snake!
You now have 11 arrows.
You die...

##.# #.#
#.# #.#
#.# #.#
#S# #.#
#@#
#.Sw...#
######...


You could see a worm, an adder and a friendly ball python.

Vanquished Creatures
  An adder zombie (D:1)
  A dart slug (D:1)
  A bat (D:1)
  A giant cockroach (D:2)
  A goblin (D:1)
  3 hobgoblins (D:1)
  3 kobolds (D:1)
  A frilled lizard (D:1)
  A giant cockroach zombie (D:1)
  2 rats
15 creatures vanquished.

Notes
Turn   | Place    | Note
-------+----------+-------------------------------------------
     0 | D:1      | edsrzf the Kobold Transmuter began the quest for the Orb.
     0 | D:1      | Reached XP level 1. HP: 12/12 MP: 3/3
   315 | D:1      | Reached XP level 2. HP: 10/16 MP: 3/5
   758 | D:1      | Learned a level 2 spell: Sticks to Snakes
  1514 | D:2      | Reached XP level 3. HP: 20/20 MP: 6/6
  1518 | D:2      | Identified a potion of magic
  1519 | D:2      | Identified a potion of mutation
  1519 | D:2      | Gained mutation: Scrolls take you a little longer to read. [potion of mutation]
  1519 | D:2      | Gained mutation: You tend to lose your temper in combat. [potion of mutation]
  1519 | D:2      | Gained mutation: Your flesh is heat resistant. (rF+) [potion of mutation]
  1521 | D:2      | HP: 1/20 [adder (4)]
  1522 | D:2      | Succumbed to an adder's poison

Action                   || total
-------------------------++-------
Melee: Unarmed           ||    70
       Headbutt          ||     7
       Kick              ||     2
 Cast: Beastly Appendage ||     8
       Sticks to Snakes  ||     1
  Use: Potion            ||     2
 Stab: Sleeping          ||     1
  Eat: Chunk             ||     6
Armor: Robe              ||    15
Dodge: Dodged            ||    50
